 Dungeon Crawl Stone Soup version 0.31-a0-165-g3f4f80340b (webtiles) character file.

Game seed: 18214639866676870104

22 qw the Shooter (level 2, -4/17 HPs)
             Began as a Gargoyle Hunter on June 13, 2023.
             Slain by a cerulean imp
             ... wielding a +1 spear
             ... summoned by Natasha
              (5 damage)
             ... on level 2 of the Dungeon.
             The game lasted 00:00:18 (1024 turns).

qw the Shooter (Gargoyle Hunter)                    Turns: 1024, Time: 00:00:19

Health: -4/17      AC:  6    Str: 14    XL:     2   Next: 91%
Magic:  2/2        EV: 11    Int:  9    God:
Gold:   78         SH:  0    Dex: 13    Spells: 1/1 levels left

rFire   . . .        Y - +2 shortbow
rCold   . . .        (shield currently unavailable)
rNeg    + . .        c - +0 leather armour
rPois   inf          (no helmet)
rElec   +            (no cloak)
rCorr   +            (no gloves)
SInv    .            h - +0 pair of boots
Will    .....        (no amulet)
Stlth   +            f - ring of resist corrosion
HPRegen 0.22/turn    (no ring)
MPRegen 0.08/turn

%: no passive effects
@: no status effects
A: sickness immunity, AC +2, negative energy resistance 1, electricity
resistance, torment resistance 1, petrification resistance
a: no special abilities


You were on level 2 of the Dungeon.
You visited 1 branch of the dungeon, and saw 2 of its levels.

You collected 78 gold pieces.


Innate Abilities, Weirdness & Mutations

You are immune to sickness and miasma.
Your stone body is resilient. (AC +2)
You are immune to poison.
You resist negative energy. (rN+)
You are resistant to electric shocks. (rElec)
You are resistant to unholy torment.
You are immune to petrification.


   Skills:
 - Level 2.1 Fighting
 + Level 4.8 Ranged Weapons
 - Level 1.5 Dodging
 - Level 1.1 Stealth


You had one spell level left.
You didn't know any spells.
Your spell library was empty.

Inventory:

Hand Weapons
 Y - a +2 shortbow (weapon)
Armour
 c - a +0 leather armour (worn)
 h - a +0 pair of boots (worn)
Jewellery
 a - a +6 ring of strength
 f - a ring of resist corrosion (left hand)
Scrolls
 b - a scroll of identify
Potions
 e - a potion of attraction {unknown}
 j - a potion of curing {unknown}
 k - a potion of brilliance {unknown}
 m - a potion of degeneration {unknown}

Dungeon Overview and Level Annotations

Branches:
Dungeon (2/15)

Altars:

Annotations:
D:2 Natasha


Message History

The arrow closely misses the cerulean imp.
Natasha mumbles some strange words.
Natasha casts a spell.
You shoot an arrow.
The arrow barely misses the cerulean imp.
The cerulean imp hits you but does no damage.
The cerulean imp hits you from afar with a +2 spear.
You shoot an arrow. The arrow hits the cerulean imp.
The cerulean imp is moderately wounded.
The cerulean imp closely misses you. x2
You shoot an arrow. The arrow misses the cerulean imp.
The cerulean imp hits you from afar with a +1 spear.
The cerulean imp closely misses you.
The cerulean imp hits you from afar with a +1 spear.
You shoot an arrow. The arrow hits the cerulean imp.
The cerulean imp is severely wounded.
The cerulean imp hits you from afar with a +2 spear.
The cerulean imp hits you from afar with a +1 spear.
You shoot an arrow.
The arrow completely misses the cerulean imp.
The cerulean imp hits you but does no damage.
The cerulean imp hits you from afar with a +1 spear.
The cerulean imp barely misses you.
You shoot an arrow.
The arrow hits the cerulean imp but does no damage.
The cerulean imp is severely wounded.
The cerulean imp hits you but does no damage.
The cerulean imp barely misses you.
You shoot an arrow. The arrow hits the cerulean imp!
You kill the cerulean imp!
The cerulean imp disappears in a puff of smoke!
The cerulean imp closely misses you.
You shoot an arrow. The arrow barely misses Natasha.
The cerulean imp hits you from afar with a +1 spear.
Natasha barely misses you.
The cerulean imp hits you from afar with a +1 spear.
You shoot an arrow. The arrow hits Natasha.
Natasha is severely wounded.
Natasha claws you but does no damage.
The cerulean imp hits you from afar with a +1 spear.
You die...

#..#######.##.#
##.###.........#
#.###..............#
#..........##.......
####.#.######.......
#### #.#.####
#....... .....
..#....# #......#
.....5#######.#
######.# #!h@.#....#
#.. ####.#.####
#.#.# #...# #####


You could see Natasha and a cerulean imp (summoned).

Vanquished Creatures
  A dart slug (D:2)
  3 bats
  2 endoplasms (D:2)
  2 goblins (D:1)
  2 hobgoblins (D:1)
  3 kobolds (D:1)
  A quokka (D:1)
  3 ball pythons (D:1)
  A rat (D:1)
18 creatures vanquished.

Notes
Turn   | Place    | Note
-------+----------+-------------------------------------------
     0 | D:1      | qw the Gargoyle Hunter began the quest for the Orb.
     0 | D:1      | Reached XP level 1. HP: 12/12 MP: 1/1
     0 | D:1      | 0 ||| qw: Version: 0.2-a-29-gc1b59c4
     0 | D:1      | 0 ||| qw: Game counter: 4674
     0 | D:1      | 0 ||| qw: Always use a shield: true
     0 | D:1      | 0 ||| qw: God list: Okawaru
     0 | D:1      | 0 ||| qw: Allow faded altars: false
     0 | D:1      | 0 ||| qw: Do Orc after D:15 true
     0 | D:1      | 0 ||| qw: Do second Lair branch before Depths: true
     0 | D:1      | 0 ||| qw: Lair rune preference: random
     0 | D:1      | 0 ||| qw: Plans: Normal, Zot:1-4, Slime:5, God:TSO, Crypt,
                  | Tomb, Abyss, Pan, Hells, Win
     0 | D:1      | 0 ||| PLANNING D:1-11
   232 | D:1      | Reached XP level 2. HP: 17/17 MP: 2/2
   552 | D:1      | Found a faded altar of an unknown god.
   874 | D:1      | 874 ||| UPGRADING to +0 pair of boots.
   879 | D:1      | 879 ||| UPGRADING to ring of resist corrosion.
   880 | D:1      | 880 ||| READING scroll labelled KOIGEO ALLIMMI.
   885 | D:1      | 885 ||| READING scroll labelled HEIREU UN ZOOS.
   886 | D:1      | 886 ||| READING 2 scrolls labelled PUARUAGASCH.
   887 | D:1      | 887 ||| READING 2 scrolls labelled IRPHAON BETWU.
   888 | D:1      | 888 ||| READING scroll of enchant weapon.
   888 | D:1      | 888 ||| ENCHANTING +1 shortbow.
   889 | D:1      | 889 ||| DROPPING scroll of butterflies.
   890 | D:1      | 890 ||| DROPPING scroll of blinking.
  1011 | D:2      | Noticed Natasha
  1020 | D:2      | HP: 4/17 [cerulean imp/+1 spear[Natasha] (2)]
  1023 | D:2      | HP: 1/17 [cerulean imp/+1 spear[Natasha] (3)]
  1024 | D:2      | Slain by a cerulean imp

Levels and vault maps discovered:
D:1:      dpeg_arrival_renting, layout_basic,
          hellmonk_ecumenical_altar_heavens_door
D:2:      layout_loops_ring, hangedman_glass_teeth, minmay_split_cup_small,
          uniq_robin, uniq_natasha

Action                     || total
---------------------------++-------
   Fire: Shortbow          ||    63
    Use: Scroll            ||     5
 Armour: Leather armour    ||    16
  Dodge: Dodged            ||    14

Table legend:
 A = Non-vault XP
 B = Vault XP
 C = Vault XP percentage of total XP
 D = Non-vault monster count
 E = Vault monster count
 F = Vault count percentage of total count
                 A         B        C        D         E       F
            +---------+---------+-------+---------+---------+-------
      Total |      32 |       0 |   0.0 |      18 |       0 |   0.0
            +---------+---------+-------+---------+---------+-------
        D:1 |      23 |       0 |   0.0 |      14 |       0 |   0.0
        D:2 |       9 |       0 |   0.0 |       4 |       0 |   0.0
            +---------+---------+-------+---------+---------+-------
